AoeStats
← lelouch

Arena

509050673Analyzed
4v4 RM · 8d ago on Sep 25, 2026· 40m 55s· 8 players
Game mode
Random Map
Map size
Large (8 player)
Population
200
Speed
Normal
Resources
Standard
Victory
Conquest
Starting age
Dark Age
Ending age
Imperial Age
RankedLock teamsTeams togetherTeam positionsShared explorationLock speedFull tech treeHidden civsTurbo modeCheats
Victory
Defeat
🇨🇳 Bohemians · China
1254
+12
🇨🇳 Danes · China
1226
+13
🇳🇵 Lithuanians · Nepal
1225
+13
🇭🇰 Sicilians · Hong Kong SAR China
1206
+14
🇺🇸 Saxons · United States
1228
-15
🇳🇿 Georgians · New Zealand
1189
-14
🇹🇼 Varangians · Taiwan
1146
-12
🇨🇳 Huns · China
1117
-11
scrawnny12
12:05 Feudal Age
13:36 Double-Bit Axe
13:33 Horse Collar
16:17 Castle Age
20:28 Bow Saw
21:35 Heavy Plow
22:52 Wheelbarrow
23:22 Gold Mining
24:15 Hand Cart
25:05 Redemption
30:44 Imperial Age
28:42 Ballistics
28:20 Stone Mining
28:43 Treadmill Crane
28:56 Guard Tower
29:10 Loom
29:13 Town Watch
29:56 Fletching
30:34 Bodkin Arrow
31:30 Stone Shaft Mining
32:26 Chemistry
32:03 Keep
31:14 Arrowslits
31:41 Masonry
30:56 Heavy Cavalry Archer
32:01 Parthian Tactics
32:27 Bracer
33:14 Husbandry
33:25 Bloodlines
34:59 Svan Towers
68877168
9:25 Feudal Age
7:48 Loom
10:18 Feudal Age
14:21 Castle Age
13:05 Double-Bit Axe
19:47 Loom
26:21 Stone Mining
26:45 Horse Collar
28:18 Bow Saw
33:32 Imperial Age
chenjim19850924
11:30 Feudal Age
15:10 Castle Age
13:24 Double-Bit Axe
13:53 Horse Collar
16:32 Bow Saw
21:35 Heavy Plow
24:43 Gold Mining
24:45 Stone Mining
30:12 Imperial Age
28:25 Wheelbarrow
27:36 Loom
27:37 Town Watch
29:12 Stone Shaft Mining
29:58 Hand Cart
29:58 Scale Mail Armor
30:10 Forging
30:18 Squires
30:05 Gambesons
30:15 Elite Varangian Guard
31:07 Arson
34:51 Chain Mail Armor
35:12 Iron Casting
36:05 Plate Mail Armor
37:16 Pikeman
38:19 Conscription
37:23 Gothikon
39:01 Halberdier
ABRAXAS
10:18 Feudal Age
13:57 Castle Age
12:11 Double-Bit Axe
12:25 Horse Collar
13:26 Loom
16:36 Bow Saw
18:44 Fletching
20:02 Scale Mail Armor
20:27 Heavy Plow
22:59 Forging
23:44 Gold Mining
25:59 Wheelbarrow
25:59 Bodkin Arrow
27:19 Chain Mail Armor
28:49 Iron Casting
28:49 Hand Cart
33:12 Imperial Age
30:56 Padded Archer Armor
31:49 Ballistics
31:58 Thumb Ring
33:48 Leather Archer Armor
33:18 Cranequins
35:09 Heavy Mounted Crossbowman
37:49 Conscription
36:52 Shield Wall
38:46 Bracer
39:17 Ring Archer Armor
39:54 Chemistry
javier1205hk
11:42 Feudal Age
11:36 Loom
13:31 Double-Bit Axe
16:00 Arson
17:11 Horse Collar
21:12 Forging
22:00 Fletching
22:42 Stone Mining
23:58 Scale Mail Armor
28:08 Castle Age
26:02 Gold Mining
29:35 Stone Shaft Mining
31:14 Bloodlines
33:57 Gold Shaft Mining
34:25 Wheelbarrow
34:51 Heavy Plow
39:09 Imperial Age
36:57 Hand Cart
38:30 First Crusade
40:20 Conscription
40:32 Onager
41:57 Iron Casting
ruibizca
10:07 Feudal Age
11:26 Double-Bit Axe
14:06 Castle Age
12:09 Horse Collar
15:04 Bow Saw
15:38 Wheelbarrow
21:11 Wheelbarrow
23:40 Town Watch
23:40 Loom
24:52 Gold Mining
24:58 Stone Mining
29:25 Imperial Age
27:05 Scale Mail Armor
27:16 Forging
27:11 Scale Mail Armor
27:13 Hamask
28:23 Chain Mail Armor
28:43 Iron Casting
28:57 Heavy Plow
29:33 Gold Shaft Mining
29:30 Capped Ram
29:38 Elite Jomsviking
30:29 Siege Ram
32:24 Plate Mail Armor
32:55 Blast Furnace
32:44 Conscription
32:52 Northmen's Fury
32:58 Northmen's Fury
34:42 Chemistry
35:11 Siege Engineers
34:59 Fletching
35:09 Padded Archer Armor
37:16 Squires
37:03 Arson
36:39 Elite Varangian Guard
lelouch
10:43 Feudal Age
10:13 Loom
14:37 Castle Age
24:30 Double-Bit Axe
25:54 Horse Collar
30:56 Imperial Age
30:07 Bow Saw
32:03 Chemistry
35:09 Two-Man Saw
34:22 Heavy Plow
37:01 Wheelbarrow
36:12 Town Watch
40:55 Masonry
41:07 Fortified Wall
GemGem27
11:18 Feudal Age
12:30 Double-Bit Axe
15:24 Castle Age
13:32 Horse Collar
17:36 Bow Saw
18:09 Sanctity
20:24 Wheelbarrow
19:34 Loom
19:35 Town Watch
23:37 Heavy Plow
24:11 Gold Mining
24:11 Stone Mining
30:32 Imperial Age
28:18 Hand Cart
28:03 Town Patrol
28:33 Bloodlines
28:24 Husbandry
27:45 Light Cavalry
29:11 Scale Barding Armor
31:02 Chain Barding Armor
30:53 Forging
30:53 Elite Leitis
31:54 Conscription
32:21 Plate Barding Armor
31:56 Winged Hussar
35:37 Iron Casting
36:11 Cavalier
38:51 Fletching
40:52 Bodkin Arrow
Connection lost

Rejoining the realm…

Still unreachable

The connection could not be restored.

Session expired

The server has moved on; the page needs a fresh start.